AoeStats
← |GaoeG| flamingo

Arena

510389639Analyzed
4v4 RM · 10h ago on Sep 30, 2026· 41m 17s· 8 players
Game mode
Random Map
Map size
Large (8 player)
Population
200
Speed
Normal
Resources
Standard
Victory
Conquest
Starting age
Dark Age
Ending age
Imperial Age
RankedLock teamsTeams togetherTeam positionsShared explorationLock speedFull tech treeHidden civsTurbo modeCheats
Victory
Defeat
🇪🇸 Malians · Spain
1373
+10
🇪🇸 Spanish · Spain
1270
+14
🇪🇸 Burgundians · Spain
1244
+15
🇪🇸 Franks · Spain
1174
+19
🇳🇿 Vikings · New Zealand
1247
-14
🇺🇸 Portuguese · United States
1237
-15
🇩🇪 Hindustanis · Germany
1233
-15
🇺🇸 Britons · United States
1224
-14
Kryptonknight
10:45 Feudal Age
11:47 Double-Bit Axe
14:39 Castle Age
12:32 Horse Collar
15:54 Bow Saw
15:45 Heavy Plow
17:27 Loom
22:46 Loom
24:33 Fletching
25:18 Bodkin Arrow
28:01 Ballistics
31:23 Imperial Age
30:23 Gold Mining
30:24 Stone Mining
31:35 Wheelbarrow
32:13 Gold Shaft Mining
32:35 Conscription
32:19 Bracer
33:20 Chemistry
32:51 Yeomen
33:04 Padded Archer Armor
33:30 Hand Cart
32:50 Elite Longbowman
35:15 Two-Man Saw
35:11 Warwolf
35:47 Siege Engineers
37:30 Leather Archer Armor
37:12 Murder Holes
37:03 Arrowslits
40:31 Ring Archer Armor
Shell
10:48 Feudal Age
11:44 Horse Collar
14:45 Castle Age
12:38 Double-Bit Axe
15:42 Wheelbarrow
16:11 Bow Saw
16:19 Heavy Plow
22:35 Gold Mining
22:38 Stone Mining
24:20 Stone Shaft Mining
25:06 Hand Cart
30:32 Imperial Age
30:39 Elite Organ Gun
32:46 Chemistry
32:23 Arquebus
32:37 Siege Engineers
35:56 Pikeman
36:41 Scale Mail Armor
36:52 Forging
36:30 Halberdier
39:23 Chain Mail Armor
39:44 Iron Casting
Zaramot
10:35 Feudal Age
11:09 Double-Bit Axe
15:24 Castle Age
16:51 Bow Saw
19:48 Horse Collar
20:19 Elite Skirmisher
22:16 Fletching
22:52 Heavy Plow
24:01 Padded Archer Armor
23:56 Bodkin Arrow
30:30 Imperial Age
28:41 Wheelbarrow
27:52 Town Watch
28:05 Gold Mining
28:56 Bodkin Arrow
29:42 Hand Cart
29:58 Husbandry
30:08 Bloodlines
30:30 Town Patrol
30:36 Scale Barding Armor
30:42 Forging
32:06 Gold Shaft Mining
32:17 Conscription
31:43 Heavy Camel Rider
33:58 Two-Man Saw
33:29 Chain Barding Armor
33:44 Iron Casting
34:20 Ballistics
33:59 Murder Holes
33:46 Imperial Camel Rider
35:57 Chemistry
35:58 Plate Barding Armor
36:23 Blast Furnace
38:46 Bracer
39:01 Leather Archer Armor
40:34 Ring Archer Armor
SoulStrider6763
10:55 Feudal Age
16:53 Castle Age
14:43 Loom
15:04 Horse Collar
15:10 Double-Bit Axe
16:38 Scale Mail Armor
16:30 Fletching
17:27 Crossbowman
26:15 Bodkin Arrow
27:45 Ballistics
27:37 Padded Archer Armor
30:01 Bow Saw
34:56 Imperial Age
33:53 Chain Mail Armor
33:49 Forging
34:05 Chieftains
34:11 Squires
|GaoeG| Joseba77
6:25 Double-Bit Axe
7:32 Horse Collar
12:32 Feudal Age
10:59 Gold Mining
16:18 Castle Age
14:42 Bow Saw
19:02 Two-Man Saw
18:22 Heavy Plow
22:12 Crop Rotation
23:09 Wheelbarrow
22:21 Loom
26:23 Stone Mining
27:07 Scale Barding Armor
29:51 Imperial Age
27:09 Loom
27:57 Forging
28:14 Hand Cart
27:20 Cavalier
28:22 Chain Barding Armor
28:27 Husbandry
29:35 Iron Casting
28:25 Light Cavalry
29:35 Fortified Wall
30:03 Paladin
30:05 Hussar
31:23 Plate Barding Armor
31:59 Coinage
32:31 Blast Furnace
32:09 Treadmill Crane
34:25 Banking
36:27 Gold Shaft Mining
36:20 Masonry
36:04 Fletching
39:05 Conscription
|GaoeG| Tifus
11:43 Feudal Age
9:58 Loom
15:43 Castle Age
14:42 Double-Bit Axe
14:40 Horse Collar
21:48 Heavy Plow
24:13 Bow Saw
25:07 Wheelbarrow
24:36 Gold Mining
28:47 Imperial Age
28:11 Bloodlines
28:02 Husbandry
27:30 Light Cavalry
28:43 Scale Mail Armor
28:53 Forging
28:50 Scale Barding Armor
30:22 Iron Casting
30:06 Farimba
29:38 Cavalier
31:21 Chain Barding Armor
34:42 Plate Barding Armor
|GaoeG| flamingo
10:54 Feudal Age
14:45 Castle Age
12:53 Double-Bit Axe
12:51 Horse Collar
15:59 Bow Saw
15:54 Heavy Plow
23:30 Loom
26:33 Gold Mining
27:51 Wheelbarrow
31:50 Imperial Age
29:48 Fletching
29:58 Padded Archer Armor
30:55 Bodkin Arrow
31:29 Ballistics
32:28 Leather Archer Armor
32:28 Thumb Ring
31:44 Elite Skirmisher
34:34 Chemistry
33:36 Bracer
34:07 Ring Archer Armor
34:21 Conscription
34:52 Supremacy
35:27 Squires
34:47 Pikeman
35:29 Scale Mail Armor
35:40 Forging
37:18 Chain Mail Armor
37:38 Iron Casting
36:26 Halberdier
38:30 Plate Mail Armor
40:15 Blast Furnace
ErafaE
11:23 Feudal Age
15:04 Castle Age
13:04 Double-Bit Axe
16:06 Bow Saw
17:34 Wheelbarrow
21:05 Hand Cart
24:48 Gold Mining
28:56 Imperial Age
26:41 Scale Barding Armor
26:47 Forging
27:16 Gold Shaft Mining
27:42 Husbandry
27:04 Light Cavalry
28:06 Chain Barding Armor
27:40 Loom
27:42 Town Watch
30:22 Iron Casting
29:30 Cavalier
31:46 Plate Barding Armor
32:12 Blast Furnace
31:49 Paladin
41:02 Conscription
40:45 Chivalry
Connection lost

Rejoining the realm…

Still unreachable

The connection could not be restored.

Session expired

The server has moved on; the page needs a fresh start.